 Dungeon Crawl Stone Soup version 0.27-a0-1500-g450c7e4133 (webtiles) character file.

Game seed: 16855083954789010979

11301 robertstho the Thaumaturge (level 12, -7/150 HPs)
             Began as a Djinni Fire Elementalist on July 7, 2021.
             Was an Initiate of Gozag.
             Mangled by a death scarab (28 damage)
             ... in a Gauntlet.
             The game lasted 00:25:15 (12587 turns).

robertstho the Thaumaturge (DjFE)                  Turns: 12587, Time: 00:25:16

Health: -7/150     AC:  8    Str: 11    XL:     12   Next: 6%
Gold:   315        EV: 14    Int: 22    God:    Gozag SH:  0 Dex: 20

rFire    + + +     SeeInvis .   h - +2 quarterstaff (spect)
rCold    x . .     Faith    .   (shield currently unavailable)
rNeg     + + .     Spirit   +   E - +2 robe {Archmagi}
rPois    ∞         Reflect  .   O - +2 hat of the Bear Spirit {Spirit, +Rage rN+ Will++}
rElec    .         Harm     .   m - +1 cloak {Will+}
rCorr    .         Rampage  .   (no gloves)
Will     ++++.     Archmagi +   (boots unavailable) Stlth ..........NoTele +
                                r - amulet of Vitality {Regen+ HP+15}
HPRegen  1.35/turn              p - ring of protection from fire
MPRegen  0.00/turn              w - ring "Koaq" {rF+ rN+ Str+4 Dex+6}

@: berserking, gold aura, flying, very quick
A: sickness immunity, fire resistance 2, cold vulnerability 1, float, innate
caster, hp casting, extra vitality 1
a: Renounce Religion, Evoke Berserk Rage, Potion Petition, Call Merchant, Bribe
Branch


You were in a Gauntlet.
You worshipped Gozag.
Gozag was aware of your devotion.
You visited 2 branches of the dungeon, and saw 12 of its levels.
You also visited: Gauntlet.

You collected 969 gold pieces.
You spent 583 gold pieces at shops.
You paid 71 gold pieces to Gozag.

Inventory:

Hand Weapons
 a - a +2 hand axe of flaming
 c - a +0 whip of freezing
 f - a +0 dagger of venom
 h - a +2 spectral quarterstaff (weapon)
 t - the +2 spear of Reisi {vorpal, rC+ Int+4}
   (You found it on level 6 of the Dungeon)

   It inflicts extra damage upon your enemies.
   Int:       It affects your intelligence (+4).
   rC:        It protects you from cold.
 I - a +2 demon blade of venom
Armour
 m - a +1 cloak of willpower (worn)
 E - a +2 robe of the Archmagi (worn)
 O - the +2 hat of the Bear Spirit (worn) {Spirit, +Rage rN+ Will++}
   (You found it on level 10 of the Dungeon)

   rN:        It protects you from negative energy.
   +Rage:     It lets you go berserk.
   Will:      It greatly increases your willpower.
Jewellery
 n - an amulet of reflection
 p - a ring of protection from fire (left hand)
 r - the amulet of Vitality (around neck) {Regen+ HP+15}
   (You acquired it on level 5 of the Dungeon)

   [amulet of regeneration]

   HP:        It affects your health (+15).
   Regen:     It increases your rate of health regeneration.
 w - the ring "Koaq" (right hand) {rF+ rN+ Str+4 Dex+6}
   (You acquired it on level 6 of the Dungeon)

   [ring of dexterity]

   Str:       It affects your strength (+4).
   Dex:       It affects your dexterity (+6).
   rF:        It protects you from fire.
   rN:        It protects you from negative energy.
 J - a ring of resist corrosion
Wands
 j - a wand of mindburst (12)
 D - a wand of acid (6)
 F - a wand of flame (11)
 K - a wand of digging (12)
Scrolls
 g - a scroll of holy word
 l - 3 scrolls of teleportation
 o - 4 scrolls of enchant weapon
 x - 2 scrolls of magic mapping
 y - a scroll of blinking
 A - a scroll of brand weapon {unknown}
 B - a scroll of fog {unknown}
 H - 2 scrolls of summoning {unknown}
Potions
 b - 3 potions of brilliance
 d - 4 potions of haste
 e - 4 potions of ambrosia
 i - 4 potions of might
 k - 3 potions of berserk rage
 q - 7 potions of curing
 s - a potion of heal wounds
 v - a potion of invisibility {unknown}
 G - 2 potions of cancellation
 L - 2 potions of attraction
 M - a potion of magic
 N - a potion of resistance


   Skills:
 * Level 7.2 Fighting
 + Level 2.0 Staves
 + Level 3.6 Dodging
 + Level 3.8 Stealth
 * Level 12.2 Spellcasting
 + Level 0.7 Evocations


You had 5 spell levels left.
You knew the following spells:

 Your Spells              Type           Power      Damage    Failure   Level
a - Foxfire               Conj/Fire      100%       2x1d9     1%          1
b - Conjure Flame         Conj/Fire      79%        6-21      1%          3
c - Inner Flame           Hex/Fire       79%        N/A       1%          3
d - Sticky Flame          Conj/Fire      79%        2d9       1%          4
e - Fireball              Conj/Fire      39%        3d16      1%          5
f - Summon Small Mammal   Summ           100%       N/A       1%          1
g - Wereblood             Tmut           79%        N/A       1%          2
h - Stone Arrow           Conj/Erth      100%       3d13      1%          3
i - Fulminant Prism       Conj/Hex       39%        3d18      1%          4
j - Hailstorm             Conj/Ice       79%        3d16      1%          4
Your spell library was empty.

Dungeon Overview and Level Annotations

Branches:
Dungeon (11/15)            Temple (1/1) D:7            Lair (0/6) D:9
    Orc (0/2) D:10        Gauntlet (1/1)

Altars:
Ashenzari
Cheibriados
Dithmenos
Elyvilon
Fedhas
Gozag
Hepliaklqana
Kikubaaqudgha
Makhleb
Nemelex Xobeh
Okawaru
Qazlal
Ru
Sif Muna
Trog
Uskayaw
Vehumet
Wu Jian
Xom
Yredelemnul
Zin
The Shining One
Beogh

Shops:
D:1 !(

Annotations:
Gauntlet 7 transporters, 1 runed translucent door


Innate Abilities, Weirdness & Mutations

You are immune to sickness and miasma.
You are immune to poison.
Your flesh is very heat resistant. (rF++)
You are vulnerable to cold. (rC-)
You float through the air rather than walking.
You learn spells naturally, not from books.
Your magical power is your life essence.
You have superior vitality. (+4 HP)


Message History

You sock the death scarab!
The death scarab is moderately damaged.
The death scarab closely misses you. The spectral black mamba bites you.
The death scarab barely misses you. The spectral black mamba misses you.
The spectral eight-headed hydra misses you.
The spectral eight-headed hydra bites you.
The spectral eight-headed hydra bites you but does no damage. x3
The spectral eight-headed hydra closely misses you.
The spectral eight-headed hydra bites you!
The spectral eight-headed hydra bites you but does no damage.
You hit the death scarab but do no damage.
The death scarab is moderately damaged.
The death scarab bites you.
* * * LOW HITPOINT WARNING * * *
The spectral black mamba bites you.
* * * LOW HITPOINT WARNING * * *
Unknown command.
You sock the spectral black mamba!
The spectral black mamba is heavily damaged.
Your spectral +2 spectral quarterstaff hits the spectral black mamba!!
You destroy the spectral black mamba!
The spectral eight-headed hydra bites you but does no damage.
The spectral eight-headed hydra barely misses you.
The spectral eight-headed hydra bites you but does no damage.
The spectral eight-headed hydra bites you!
* * * LOW HITPOINT WARNING * * *
The spectral eight-headed hydra bites you.
* * * LOW HITPOINT WARNING * * *
The spectral eight-headed hydra bites you.
* * * LOW HITPOINT WARNING * * *
The spectral eight-headed hydra bites you!
* * * LOW HITPOINT WARNING * * *
The spectral eight-headed hydra bites you but does no damage.
The death scarab misses you.
You hit the death scarab.
The death scarab is moderately damaged.
Your spectral +2 spectral quarterstaff closely misses the death scarab.
The death scarab bites you!!
You die...
Your body crumbles into a pile of gold.

.#.#?#.#..###########.§§#
#.#©#$##......#©#......##
########......#©#......≈#
..#©#.....###########..##
..#©#.....#.........#..≈#
########..#.#.....#.#..##
B......#..#..#####..#..≈#
.s####.#..#..##(##..#.§##
.#.....#..#....B@ZB.#.§§#
.#.©####..#..##.##Z.#..##
.#.#:?.#..#BZ#####^.#..≈#
.#.#[.##..#B#Z....#.#..##
...#.#©#..#ZZ=.©?[..#..≈#
########..###########..##
........∩..............≈#
.......................##
≈#≈#≈########≈#≈#≈#≈#≈##


You could see a spectral eight-headed hydra, a spectral torpor snail, 2 death
scarabs and a friendly spectral +2 spectral quarterstaff (summoned).

Vanquished Creatures
  Gastronok (D:8)
  Josephine (D:10)
  Harold (D:8)
  Pikel (D:6)
  2 centaur zombies (D:6)
  A komodo dragon (D:9)
  An unseen horror (D:10)
  A hornet (D:10)
  A troll (D:10)
  Prince Ribbit (D:6)
  Grinder (D:5)
  A spectral black mamba (Gauntlet)
  4 wraiths
  Eustachio (D:5)
  A shadow (D:10)
  A wyvern (D:10)
  A hog (shapeshifter) (Gauntlet)
  A neqoxec (Gauntlet)
  Grum (D:10)
  2 chaos spawn (Gauntlet)
  Edmund (D:6)
  A steam dragon (D:8)
  Menkaure (D:7)
  A spectral cane toad (Gauntlet)
  An acid dragon (D:10)
  3 orc warriors
  A necrophage (D:5)
  A black bear (D:6)
  2 ice beasts
  2 centaurs
  4 wolves
  A lemure (D:6)
  A kobold brigand (D:7)
  Blork the orc (D:5)
  6 bullfrogs
  2 gnoll sergeants
  A wyvern zombie (D:6)
  4 scorpions
  A water moccasin skeleton (D:4)
  7 wights
  2 howler monkeys (D:6)
  A bullfrog zombie (D:5)
  8 orc priests
  4 hounds
  A gnoll shaman (D:7)
  A jelly (D:4)
  Crazy Yiuf (D:6)
  Jessica (D:2)
  A centaur skeleton (D:6)
  5 iguanas
  A bullfrog skeleton (D:5)
  4 orc wizards
  Natasha (thrice) (D:4)
  3 howler monkey zombies (D:6)
  14 gnolls
  8 adders
  A shadow imp (D:5)
  2 ufetubi
  An adder skeleton (D:5)
  A worm (D:3)
  2 dart slugs
  22 orcs
  11 bats
  10 endoplasms
  4 giant cockroaches
  10 goblins
  7 hobgoblins
  2 jackals (D:3)
  14 kobolds
  3 quokkas
  7 ball pythons
  4 frilled lizards
  4 rats
230 creatures vanquished.

Vanquished Creatures (others)
  936 foxfires
  10 plants (D:9)
946 creatures vanquished.

Grand Total: 1176 creatures vanquished

Notes
Turn   | Place    | Note
-------+----------+-------------------------------------------
     0 | D:1      | robertstho the Djinni Fire Elementalist began the quest for
                  | the Orb.
     0 | D:1      | Reached XP level 1. HP: 15/15 MP: 0/0
   107 | D:1      | Found Yqeeff's Weapon Shoppe.
   414 | D:1      | Reached XP level 2. HP: 20/21 MP: 0/0
   526 | D:1      | Found Gochalagit's Distillery.
   532 | D:1      | Reached skill level 3 in Spellcasting
   532 | D:1      | Reached XP level 3. HP: 22/26 MP: 0/0
   532 | D:1      | Learned a level 1 spell: Summon Small Mammal
   583 | D:1      | Bought a potion of degeneration for 11 gold pieces
  1877 | D:2      | Reached XP level 4. HP: 21/31 MP: 0/0
  2212 | D:2      | Reached skill level 1 in Fighting
  2509 | D:2      | Found a faded altar of an unknown god.
  2923 | D:2      | Noticed Jessica
  2928 | D:2      | Killed Jessica
  2929 | D:2      | Reached XP level 5. HP: 33/37 MP: 0/0
  2929 | D:2      | Learned a level 2 spell: Wereblood
  3185 | D:3      | Reached skill level 4 in Spellcasting
  3806 | D:3      | Reached XP level 6. HP: 19/42 MP: 0/0
  4493 | D:4      | HP: 2/43 [orc wizard (3)]
  4963 | D:4      | Noticed Natasha
  5023 | D:3      | Reached skill level 5 in Spellcasting
  5126 | D:4      | Killed Natasha
  5127 | D:4      | Reached XP level 7. HP: 42/48 MP: 0/0
  5127 | D:4      | Learned a level 3 spell: Stone Arrow
  5313 | D:4      | Noticed Natasha
  5317 | D:4      | Killed Natasha
  5582 | D:4      | Noticed Natasha
  5585 | D:4      | Killed Natasha
  5879 | D:5      | Entered Level 5 of the Dungeon
  6022 | D:5      | Noticed Eustachio
  6039 | D:5      | Killed Eustachio
  6040 | D:5      | Reached skill level 6 in Spellcasting
  6040 | D:5      | Reached XP level 8. HP: 36/56 MP: 0/0
  6269 | D:5      | Noticed Grinder
  6276 | D:5      | Killed Grinder
  6513 | D:5      | Noticed Blork the orc
  6519 | D:5      | Killed Blork the orc
  6615 | D:5      | Reached skill level 7 in Spellcasting
  6723 | D:5      | Reached XP level 9. HP: 35/63 MP: 0/0
  6723 | D:5      | Learned a level 4 spell: Fulminant Prism
  6992 | D:5      | Identified a scroll of acquirement
  6993 | D:5      | Acquired the amulet of Vitality {Regen+ HP+15}
  6994 | D:5      | Found the amulet of Vitality {Regen+ HP+15}
  7134 | D:5      | Found a glowing silver altar of Zin.
  7135 | D:5      | Found a broken altar of Ashenzari.
  7327 | D:6      | Found a blossoming altar of Fedhas.
  7447 | D:6      | Identified the +2 spear of Reisi {vorpal, rC+ Int+4}
  7478 | D:6      | Reached skill level 8 in Spellcasting
  7481 | D:6      | Noticed Prince Ribbit
  7489 | D:6      | Killed Prince Ribbit
  7586 | D:6      | Found a runed translucent door.
  7587 | D:6      | Noticed Crazy Yiuf
  7658 | D:6      | Noticed Edmund
  7664 | D:6      | Killed Edmund
  7739 | D:6      | Noticed Pikel
  7750 | D:6      | Killed Pikel
  7751 | D:6      | Reached skill level 5 in Fighting
  7751 | D:6      | Reached skill level 9 in Spellcasting
  7751 | D:6      | Reached XP level 10. HP: 55/70 MP: 0/0
  7808 | D:6      | Acquired the ring "Koaq" {rF+ rN+ Str+4 Dex+6}
  8075 | D:6      | Killed Crazy Yiuf
  8186 | D:7      | Reached skill level 1 in Staves
  8305 | D:7      | Noticed Menkaure
  8308 | D:7      | Killed Menkaure
  8657 | D:7      | Found a snail-covered altar of Cheibriados.
  8689 | D:7      | Found a staircase to the Ecumenical Temple.
  8878 | Temple   | Entered the Ecumenical Temple
  9028 | Temple   | Became a worshipper of Gozag Ym Sagoz the Greedy
  9202 | D:8      | Reached skill level 10 in Spellcasting
  9313 | D:8      | Noticed Gastronok
  9425 | D:8      | Found a hide-covered altar of Uskayaw.
  9493 | D:8      | Found a stormy altar of Qazlal.
  9588 | D:8      | Killed Gastronok
  9589 | D:8      | Reached XP level 11. HP: 31/76 MP: 0/0
  9589 | D:8      | Learned a level 4 spell: Hailstorm
  9617 | D:8      | Reached skill level 11 in Spellcasting
  9693 | D:8      | Noticed Harold
  9699 | D:8      | Killed Harold
 10266 | D:9      | Identified the +9 short sword of Dullness {vorpal, rPois
                  | Dex+4}
 10328 | D:9      | Identified the +1 chain mail of Temperance {Harm rPois rC+
                  | Stlth-}
 10434 | D:9      | Found a staircase to the Lair.
 11076 | D:1      | Bought a potion of attraction for 33 gold pieces
 11076 | D:1      | Bought a potion of berserk rage for 55 gold pieces
 11076 | D:1      | Bought a potion of might for 44 gold pieces
 11076 | D:1      | Bought a potion of magic for 88 gold pieces
 11076 | D:1      | Bought a potion of resistance for 110 gold pieces
 11076 | D:1      | Bought 2 potions of ambrosia for 176 gold pieces
 11076 | D:1      | Bought a potion of curing for 33 gold pieces
 11076 | D:1      | Bought a potion of curing for 33 gold pieces
 11285 | D:10     | Entered Level 10 of the Dungeon
 11285 | D:10     | Noticed Grum
 11341 | D:10     | Found a staircase to the Orcish Mines.
 11369 | D:10     | Noticed Josephine
 11376 | D:10     | Killed Josephine
 11715 | D:10     | Reached skill level 12 in Spellcasting
 11738 | D:10     | Found the +2 hat of the Bear Spirit {Spirit, +Rage rN+
                  | Will++}
 11877 | D:10     | Killed Grum
 12332 | D:11     | Found a gate leading to a gauntlet.
 12340 | Gauntlet | Entered a Gauntlet
 12340 | Gauntlet | Found a transporter.
 12340 | Gauntlet | Found a transporter.
 12340 | Gauntlet | Found a transporter.
 12366 | Gauntlet | Found a transporter.
 12376 | Gauntlet | Found a transporter.
 12378 | Gauntlet | Found a transporter.
 12382 | Gauntlet | Noticed a death scarab
 12389 | Gauntlet | Found a transporter.
 12390 | Gauntlet | Noticed a death scarab
 12407 | Gauntlet | Found a transporter.
 12415 | Gauntlet | Noticed an entropy weaver
 12425 | Gauntlet | Found a transporter.
 12428 | Gauntlet | Found a transporter.
 12428 | Gauntlet | Noticed a spectral death yak
 12433 | Gauntlet | Noticed a death scarab
 12436 | Gauntlet | Found a transporter.
 12440 | Gauntlet | Found a transporter.
 12440 | Gauntlet | Found a runed translucent door.
 12526 | Gauntlet | Reached XP level 12. HP: 83/85 MP: 0/0
 12587 | Gauntlet | Mangled by a death scarab

Illustrated notes

Levels and vault maps discovered:
D:1:      tarquinn_simple_flora_water_d, layout_basic, serial_shops, shop,
          nicolae_shop_waterfront
D:2:      layout_loops_ring, hellmonk_ecumenical_altar_lost_god,
          kennysheep_generic_room_9, uniq_jessica
D:3:      layout_rooms, chequers_mini_garden
D:4:      layout_loops_ring, minmay_misc_feat_hallway, uniq_natasha
D:5:      layout_cave_pods, amethyst_overflow_temple_binary, uniq_eustachio,
          uniq_blork_the_orc, uniq_grinder
D:6:      layout_cave_pools, nicolae_overflow_crystal_walls, serial_rivers,
          chequers_serial_rivers_room_a, chequers_serial_rivers_small_b,
          chequers_serial_rivers_micro_c, chequers_serial_rivers_micro_a,
          chequers_serial_rivers_micro_e, uniq_pikel, uniq_edmund,
          uniq_crazy_yiuf_cottage, uniq_prince_ribbit1
D:7:      layout_loops_corners, cheibriados_altar_1, temple_fountains,
          uniq_menkaure
D:8:      layout_cave_pods, mainiacjoe_overflow_large_starburst, uniq_harold,
          uniq_gastronok
D:9:      layout_loops_ring, david_lair_shrubbed
D:10:     layout_roguey, minmay_orc_entry_temple_small,
          minmay_misc_feat_enclosed, uniq_josephine, uniq_grum
D:11:     layout_loops_corners, gauntlet_entry_generic, special_room
          [special_room_kobold]
Temple:   nicolae_temple_elliptical
Gauntlet: minmay_gauntlet_mixed_big_or_small [gammafunk_gauntlet_arena_corners,
          minmay_gauntlet_arena_77_path, gammafunk_gauntlet_arena_open,
          minmay_gauntlet_arena_77_checkered, nicolae_gauntlet_arena_blocks,
          minmay_gauntlet_arena_77_radiant_squares, gauntlet_exit_spiral]

Skill      XL: |  1  2  3  4  5  6  7  8  9 10 11 |
---------------+----------------------------------+-----
Spellcasting   | 3 4 5 6 7 9 10 12 | 12.2
Fighting       | 1 3 4 5 6 7 |  7.2
Stealth        | 2 3 |  3.8
Dodging        | 3 |  3.6
Staves         | 1 2 |  2.0
Evocations     | |  0.7

Action                   |  1- 3 |  4- 6 |  7- 9 | 10-12 || total
-------------------------+-------+-------+-------+-------++-------
Melee: Dagger            |     2 |       |       |       ||     2
       Quarterstaff      |       |     5 |     4 |    17 ||    26
 Cast: Foxfire           |    94 |   188 |   213 |    70 ||   565
       Sticky Flame      |       |     1 |     8 |    22 ||    31
       Fireball          |       |       |     1 |    94 ||    95
       Stone Arrow       |       |       |       |    11 ||    11
Evoke: Wand              |       |     4 |     1 |       ||     5
  Use: Scroll            |       |     6 |     4 |     6 ||    16
       Potion            |       |     3 |       |     3 ||     6
Armor: Robe              |     5 |     9 |    12 |    22 ||    48
       Skin              |       |     2 |       |       ||     2
Dodge: Dodged            |    10 |    28 |    29 |    44 ||   111

Table legend: (Time is in decaauts)
 A = Elapsed time spent in this place.
 B = Non-inter-level travel time spent in this place.
 C = Inter-level travel time spent in this place.
 D = Time resting spent in this place.
 E = Time spent auto-exploring this place.
 F = Levels seen in this place.
 G = Mean time per level.
                   A        B        C        D        E       F      G
               +--------+--------+--------+--------+--------+-----+--------+
         Total |  12583 |  11719 |    864 |    277 |   9815 |  13 |  967.9 |
       Dungeon |  12157 |  11345 |    812 |    277 |   9547 |  11 | 1105.2 |
        Temple |    178 |    127 |     51 |      0 |    126 |   1 |  178.0 |
      Gauntlet |    247 |    247 |      0 |      0 |    142 |   1 |  247.0 |
               +--------+--------+--------+--------+--------+-----+--------+

Top non-repeatable levels by time:
     D:2: 1753 daAuts
     D:4: 1496 daAuts
     D:1: 1488 daAuts
     D:5: 1484 daAuts
     D:3: 1258 daAuts
     D:8: 981 daAuts
     D:9: 957 daAuts
    D:10: 913 daAuts
     D:7: 893 daAuts
     D:6: 841 daAuts
Gauntlet: 247 daAuts
  Temple: 178 daAuts
    D:11: 88 daAuts
